 Dungeon Crawl Stone Soup version 0.19.5 (webtiles) character file.

1626 tidbits the Skirmisher (level 8, 0/57 HPs)
             Began as a High Elf Skald on Nov 17, 2017.
             Was an Initiate of Makhleb.
             Slain by a phantom (3 damage)
             ... on level 6 of the Dungeon.
             The game lasted 00:29:13 (3555 turns).

tidbits the Skirmisher (High Elf Skald)             Turns: 3555, Time: 00:29:14

Health: 0/57       AC: 10    Str: 13    XL:     8   Next: 65%
Magic:  1/16       EV: 17    Int: 16    God:    Makhleb [......]
Gold:   239        SH:  0    Dex: 20    Spells: 7 memorised, 3 levels left

rFire  . . .     SeeInvis .     A - +1 falchion (vamp)
rCold  . . .     Gourm    .     B - +0 ring mail
rNeg   . . .     Faith    .     (no shield)
rPois  .         Spirit   .     (no helmet)
rElec  .         Reflect  .     C - +0 cloak
rCorr  .         Harm     .     (no gloves)
MR     .....                    (no boots)
Stlth  ++........               (no amulet)
                                Y - +5 ring of slaying
                                U - +4 ring of protection

@: agile, very slightly contaminated, regenerating
A: no striking features
a: Renounce Religion


You were on level 6 of the Dungeon.
You worshipped Makhleb.
Makhleb was noncommittal.
You were not hungry.

You visited 2 branches of the dungeon, and saw 8 of its levels.

You collected 239 gold pieces.

Inventory:

Hand Weapons
 a - a +0 falchion
 b - a +0 rapier
   (You found it on level 2 of the Dungeon)
 h - a +0 shortbow
   (You took it off a centaur on level 5 of the Dungeon)
 l - a -3 war axe
   (You found it on level 2 of the Dungeon)
 r - a +1 flail of holy wrath
   (You found it on level 4 of the Dungeon)
 x - a +4 quarterstaff of chaos
   (You took it off Crazy Yiuf on level 5 of the Dungeon)
 A - a +1 vampiric falchion (weapon)
   (You took it off an orc on level 6 of the Dungeon)
Missiles
 e - 138 stones (quivered)
 f - 44 sling bullets
 g - 23 bolts
 o - 2 javelins
 p - 6 needles of confusion
 q - 83 arrows
 z - 5 tomahawks
Armour
 m - a +0 leather armour
 s - the cursed +1 robe "Guikk" {+Inv, unknown}
   (You found it on level 4 of the Dungeon)

   It lets you turn invisible.
   It has a curse placed upon it.
 B - a +0 ring mail (worn)
   (You found it on level 2 of the Dungeon)
 C - a +0 cloak (worn)
   (You took it off Crazy Yiuf on level 5 of the Dungeon)
Jewellery
 t - a +3 ring of dexterity
   (You found it on level 5 of the Dungeon)
 U - a +4 ring of protection (left hand)
   (You found it on level 1 of the Dungeon)
 Y - a +5 ring of slaying (right hand)
   (You found it on level 2 of the Dungeon)
Wands
 y - a wand of flame (11/48)
   (You took it off Eustachio on level 5 of the Dungeon)
Scrolls
 j - a scroll of teleportation
 v - a scroll of blinking
 D - a scroll of fog
 E - a scroll of recharging
Potions
 u - a potion of mutation {!q}
 w - a potion of agility
Books
 d - a book of Battle

   Spells                             Type                      Level
   a - Infusion                       Charms                       1
   b - Shroud of Golubria             Charms/Translocation         2
   c - Song of Slaying                Charms                       2
   d - Spectral Weapon                Hexes/Charms                 3
   e - Regeneration                   Charms/Necromancy            3
 n - a book of Party Tricks
   (You found it on level 3 of the Dungeon)

   Spells                             Type                      Level
   a - Summon Butterflies             Summoning                    1
   b - Apportation                    Translocation                1
   c - Lesser Beckoning               Translocation                3
   d - Tukima's Dance                 Hexes                        3
   e - Alistair's Intoxication        Transmutation/Poison         5
   f - Invisibility                   Hexes                        6
Comestibles
 c - 3 bread rations
 k - 3 meat rations


   Skills:
 + Level 6.2 Fighting
 - Level 3.3 Long Blades
 - Level 1.1 Armour
 + Level 3.2 Dodging
 - Level 4.9 Spellcasting
 - Level 2.5 Hexes
 - Level 6.0 Charms
 - Level 1.7 Summonings
 - Level 2.0 Necromancy
 - Level 4.4 Translocations


You had 3 spell levels left.
You knew the following spells:

 Your Spells              Type           Power        Failure   Level  Hunger
a - Apportation           Tloc           ###.......   6%          1    None
g - Shroud of Golubria    Chrm/Tloc      ###.......   10%         2    ##.....
i - Infusion              Chrm           ###.         2%          1    None
r - Regeneration          Chrm/Necr      ###.......   21%         3    ###....
w - Spectral Weapon       Hex/Chrm       ###.....     17%         3    ###....
y - Song of Slaying       Chrm           ###.....     4%          2    ##.....
P - Summon Butterflies    Summ           #.......     17%         1    None


Dungeon Overview and Level Annotations

Branches:
Dungeon (7/15)             Temple (1/1) D:5

Altars:
Ashenzari
Cheibriados
Dithmenos
Elyvilon
Fedhas
Gozag
Hepliaklqana
Kikubaaqudgha
Makhleb
Nemelex Xobeh
Qazlal
Trog
Uskayaw
Vehumet
Yredelemnul
Zin
The Shining One

Annotations:
D:3 1 runed door, Xiguana's ghost, amateur VSWz
D:7 Dowan


Message History

* * * LOW HITPOINT WARNING * * *
Found a scroll labeled WOXIDGHOURO.
The centaur shoots an arrow.
The arrow hits you.
* * * LOW HITPOINT WARNING * * *
The centaur shoots an arrow.
The arrow hits you but does no damage.
You see here an arrow.
Your shroud unravels.
Okay, then.
You feel agile all of a sudden.
A phantom comes into view.
The centaur unwields an uncursed shortbow.
The centaur hits you.
* * * LOW HITPOINT WARNING * * *
You see here an arrow.
Okay, then.
Casting: Regeneration
Confirm with . or Enter, or press ? or * to list all spells.
Space distorts slightly along a thin shroud covering your body.
The centaur barely misses you. The centaur misses you.
You barely miss the centaur.
Your shroud bends the centaur's attack away.
The phantom blinks!
The centaur closely misses you.
You hit the centaur.
The centaur is moderately wounded.
The centaur closely misses you. x2
You barely miss the centaur.
The centaur is moderately wounded.
The centaur misses you. The centaur closely misses you.
Evoke which item? (* to show all) (? for menu, Esc to quit)
Zapping:
y - a wand of flame (16/48)
Press: ? - help, Shift-Dir - straight line, f - centaur
Aim: a centaur (moderately wounded)
The puff of flame hits the centaur.
The centaur is heavily wounded.
This wand has 15 charges left.
The centaur misses you.
The phantom blinks!
The centaur misses you.
Evoke which item? (* to show all) (? for menu, Esc to quit)
Zapping:
y - a wand of flame (15/48)
Press: ? - help, Shift-Dir - straight line, f/p - centaur
Aim: a centaur (heavily wounded)
The puff of flame misses the centaur.
This wand has 14 charges left.
The centaur closely misses you.
Evoke which item? (* to show all) (? for menu, Esc to quit)
Zapping:
y - a wand of flame (14/48)
Press: ? - help, Shift-Dir - straight line, f/p - centaur
Aim: a centaur (moderately wounded)
The puff of flame hits the centaur.
The centaur is severely wounded.
This wand has 13 charges left.
The centaur barely misses you. The centaur hits you.
* * * LOW HITPOINT WARNING * * *
Evoke which item? (* to show all) (? for menu, Esc to quit)
Zapping:
y - a wand of flame (13/48)
Press: ? - help, Shift-Dir - straight line, f/p - centaur
Aim: a centaur (severely wounded)
The puff of flame hits the centaur.
The centaur is almost dead.
This wand has 12 charges left.
The centaur completely misses you.
Evoke which item? (* to show all) (? for menu, Esc to quit)
Zapping:
y - a wand of flame (12/48)
Press: ? - help, Shift-Dir - straight line, f/p - centaur
Aim: a centaur (almost dead)
The puff of flame hits the centaur.
You kill the centaur!
Makhleb accepts your kill.
Your Translocations skill increases to level 4!
This wand has 11 charges left.
The phantom blinks!
You see here a scroll labeled WOXIDGHOURO.
As you read the scroll labeled WOXIDGHOURO, it crumbles to dust.
You feel as if something is helping you.
It was a scroll of remove curse.
Your shroud begins to fray at the edges.
Wield which item (- for none, * to show all)? (? for menu, Esc to quit)
Okay, then.
Search for what [Enter for "remove c", or ? for help]? weapon You start eating one of the 4 meat rations.
You continue eating. x2
You finish eating.
That meat ration really hit the spot!
Wield which item (- for none, * to show all)? (? for menu, Esc to quit)
Really wield
A - a vampiric falchion?
You feel a dreadful hunger.
A - a +1 vampiric falchion (weapon)
Your shroud unravels.
The phantom blinks!
A bullfrog comes into view.
Okay, then.
Evoke which item? (* to show all) (? for menu, Esc to quit)
Okay, then.
Okay, then.
Casting: Shroud of Golubria
Confirm with . or Enter, or press ? or * to list all spells.
Your skin crawls.
The phantom hits you.
* * * LOW HITPOINT WARNING * * *
You hit the phantom.
The phantom is lightly damaged.
The phantom hits you!
* * * LOW HITPOINT WARNING * * *
The phantom hits you.
You die...

#......._.....
#...#.......#.
#...#.......#. #...#
..... #.
####..####.####.
##.######...............
F.......#.##.#.#########
#.# #.#.#### #@#
#....[.# ###W# ###.##.##
#...#......#...#
#.##########>).# #.#
#...##### #.# #........
#.# ######...#####
#.#####.............
#..(................


You could see a phantom.

Vanquished Creatures
  A gargoyle (D:6)
  Eustachio (D:5)
  An orc warrior (D:6)
  A sky beast (D:7)
  An ogre (D:4)
  A phantom (D:5)
  3 centaurs
  Blork the orc (D:6)
  A bullfrog (D:6)
  A howler monkey (D:4)
  2 crimson imps
  A bullfrog zombie (D:7)
  A hound (D:4)
  Crazy Yiuf (D:5)
  Jessica (D:6)
  An orc wizard (D:6)
  A worker ant (D:3)
  A howler monkey zombie (D:7)
  7 adders
  3 gnolls (D:4)
  An ooze (D:6)
  An adder skeleton (D:5)
  2 worms (D:2)
  4 leopard geckos
  13 orcs
  A ball python (D:3)
  6 bats
  A giant cockroach (D:6)
  11 goblins
  9 hobgoblins
  8 jackals
  6 kobolds
  A quokka (D:2)
  5 frilled lizards
  10 rats
110 creatures vanquished.

Vanquished Creatures (others)
  A fungus (D:2)
  A spectral weapon (D:6)
2 creatures vanquished.

Grand Total: 112 creatures vanquished

Notes
Turn   | Place    | Note
-------+----------+-------------------------------------------
     0 | D:1      | tidbits the High Elf Skald began the quest for the Orb.
     0 | D:1      | Reached XP level 1. HP: 14/14 MP: 4/4
    28 | D:1      | Reached skill level 1 in Armour
   114 | D:2      | Reached XP level 2. HP: 13/19 MP: 1/6
   364 | D:3      | Noticed Jessica
   383 | D:2      | Found a blossoming altar of Fedhas.
   436 | D:2      | Reached skill level 3 in Long Blades
   436 | D:2      | Reached XP level 3. HP: 18/24 MP: 7/7
   474 | D:2      | Reached skill level 2 in Dodging
   846 | D:1      | Learned a level 2 spell: Song of Slaying
   849 | D:1      | Learned a level 2 spell: Shroud of Golubria
   990 | D:2      | Reached skill level 3 in Dodging
  1151 | D:2      | Reached XP level 4. HP: 23/29 MP: 8/8
  1323 | D:3      | Noticed Xiguana's ghost (amateur VSWz)
  1409 | D:4      | Reached skill level 3 in Fighting
  1509 | D:4      | Got a creamy pearl robe
  1514 | D:5      | Entered Level 5 of the Dungeon
  1634 | D:4      | Reached XP level 5. HP: 35/36 MP: 6/9
  1659 | D:4      | Noticed an ogre
  1676 | D:4      | Killed an ogre
  1676 | D:4      | Reached skill level 4 in Fighting
  1754 | D:3      | Found a glowing silver altar of Zin.
  1847 | D:3      | Reached XP level 6. HP: 32/45 MP: 10/10
  1856 | D:3      | Reached skill level 5 in Fighting
  1907 | D:3      | Found a glowing silver altar of Zin.
  1913 | D:3      | Found a runed door.
  1914 | D:3      | Noticed an angel
  2009 | D:3      | Gained mutation: Armour fits poorly on your strangely shaped body. [potion of mutation]
  2009 | D:3      | Gained mutation: You have a somewhat thin skeletal structure. (Dex +2, Stealth) [potion of mutation]
  2009 | D:3      | Gained mutation: You possess an exceptional clarity of mind. [potion of mutation]
  2010 | D:3      | Lost mutation: Armour fits poorly on your strangely shaped body. [potion of cure mutation]
  2010 | D:3      | Lost mutation: You possess an exceptional clarity of mind. [potion of cure mutation]
  2010 | D:3      | Lost mutation: You have a somewhat thin skeletal structure. (Dex +2, Stealth) [potion of cure mutation]
  2038 | D:3      | Learned a level 1 spell: Apportation
  2042 | D:3      | Learned a level 3 spell: Regeneration
  2298 | D:6      | Reached skill level 3 in Spellcasting
  2298 | D:6      | Reached skill level 4 in Charms
  2298 | D:6      | Reached skill level 1 in Necromancy
  2308 | D:6      | Learned a level 1 spell: Summon Butterflies
  2328 | D:6      | Found an ancient bone altar of Kikubaaqudgha.
  2355 | D:6      | Killed Jessica
  2377 | D:6      | Noticed a gargoyle
  2385 | D:6      | Killed a gargoyle
  2385 | D:6      | Reached skill level 1 in Summonings
  2385 | D:6      | Reached skill level 2 in Necromancy
  2385 | D:6      | Reached XP level 7. HP: 50/50 MP: 9/13
  2393 | D:6      | Learned a level 3 spell: Spectral Weapon
  2434 | D:6      | Noticed Blork the orc
  2444 | D:6      | Killed Blork the orc
  2444 | D:6      | Reached skill level 4 in Spellcasting
  2444 | D:6      | Reached skill level 1 in Hexes
  2444 | D:6      | Reached skill level 5 in Charms
  2600 | D:7      | Noticed Dowan
  2609 | D:7      | Found a glowing golden altar of the Shining One.
  2612 | D:7      | Found a basalt altar of Yredelemnul.
  2831 | D:5      | Reached skill level 2 in Hexes
  2831 | D:5      | Reached XP level 8. HP: 34/55 MP: 13/16
  2868 | D:5      | Reached skill level 6 in Charms
  3026 | D:5      | Found a runed door.
  3033 | D:5      | Noticed Crazy Yiuf
  3037 | D:5      | Killed Crazy Yiuf
  3140 | D:5      | Noticed Eustachio
  3147 | D:5      | Killed Eustachio
  3147 | D:5      | Reached skill level 6 in Fighting
  3148 | D:5      | Found a staircase to the Ecumenical Temple.
  3153 | Temple   | Entered the Ecumenical Temple
  3196 | Temple   | Became a worshipper of Makhleb the Destroyer
  3382 | D:6      | Reached skill level 1 in Translocations
  3456 | D:7      | Reached skill level 2 in Translocations
  3506 | D:6      | Reached skill level 3 in Translocations
  3535 | D:6      | HP: 5/57 [centaur (3)]
  3537 | D:6      | Reached skill level 4 in Translocations
  3555 | D:6      | HP: 3/57 [phantom (7)]
  3555 | D:6      | Slain by a phantom

Skill      XL: |  1  2  3  4  5  6  7  8 |
---------------+-------------------------+-----
Armour         | 1 |  1.1
Long Blades    | 3 |  3.3
Dodging        | 3 |  3.2
Fighting       | 3 4 5 6 |  6.2
Spellcasting   | 3 4 |  4.9
Charms         | 4 5 6 |  6.0
Necromancy     | 2 |  2.0
Summonings     | 1 |  1.7
Hexes          | 2 |  2.5
Translocations | 4 |  4.4

Action                   |  1- 3 |  4- 6 |  7- 9 || total
-------------------------+-------+-------+-------++-------
Melee: Falchion          |    32 |       |     1 ||    33
       War axe           |    61 |   127 |   113 ||   301
 Cast: Infusion          |     6 |     1 |     6 ||    13
       Shroud of Golubri |       |    13 |     9 ||    22
       Regeneration      |       |       |     3 ||     3
       Spectral Weapon   |       |       |     7 ||     7
Evoke: Wand              |       |       |     9 ||     9
  Use: Scroll            |     5 |     5 |     5 ||    15
       Potion            |     2 |     4 |     2 ||     8
 Stab: Sleeping          |     1 |       |       ||     1
  Eat: Chunk             |     1 |     3 |     5 ||     9
       Royal jelly       |       |     1 |       ||     1
       Beef jerky        |       |       |     1 ||     1
       Meat ration       |       |       |     1 ||     1
Armor: Ring mail         |    36 |    56 |    60 ||   152
       Leather armour    |     8 |       |       ||     8
Dodge: Dodged            |    62 |   108 |    98 ||   268
       Rpst.: Falchion   |     5 |       |       ||     5

Table legend:
 A = Turns spent in this place as a percentage of turns spent in the entire game.
 B = Non-inter-level travel turns spent in this place as a percentage of non-inter-level travel turns spent in the entire game.
 C = Inter-level travel turns spent in this place as a percentage of turns spent in this place.
 D = Turns resting spent in this place as a percentage of non-inter-level travel turns spent in this place.
 E = Turns spent auto-exploring this place as a percentage of non-inter-level travel turns spent in this place.
 F = Non-inter-level travel turns spent in this place divided by the number of levels of this place that you've seen.
                   A       B       C       D       E      F
               +-------+-------+-------+-------+-------+----------------------
         Total | 100.0 | 100.0 |   0.3 |   0.0 |   0.1 | 397.4
       Dungeon |  98.5 |  98.5 |   0.3 |   0.0 |   0.0 | 447.3
        Temple |   1.5 |   1.5 |   2.0 |   0.0 |   6.2 |  48.0
               +-------+-------+-------+-------+-------+----------------------

Table legend:
 A = Kills in this place as a percentage of kills in entire the game.
 B = Kills by you in this place as a percentage of kills by you in the entire game.
 C = Kills by friends in this place as a percentage of kills by friends in the entire game.
 D = Other kills in this place as a percentage of other kills in the entire game.
 E = Experience gained in this place as a percentage of experience gained in the entire game.
 F = Experience gained in this place divided by the number of levels of this place that you have seen.
                   A       B       C       D       E      F
               +-------+-------+-------+-------+-------+----------------------
         Total | 100.0 | 100.0 |  -nan |  -nan | 100.0 | 290.4
       Dungeon | 100.0 | 100.0 |  -nan |  -nan | 100.0 | 331.9
               +-------+-------+-------+-------+-------+----------------------

Vault maps used:
D:1:      dpeg_arrival_subterranean_lakeside_camping, minmay_misc_feat_encased,
          hex_large
D:2:      serial_corexii_hall, corexii_hall_statues_deadend,
          corexii_hall_statues_l, corexii_hall_statues_i,
          corexii_hall_statues_l, first_bread, fedhas_altar_3
D:3:      overflow_temple_1_default, lemuel_angel_altar, uniq_jessica
D:4:      minmay_goblin_outpost
D:5:      temple_statues, uniq_crazy_yiuf_cottage, uniq_eustachio
D:6:      old_standard_altar, uniq_blork_the_orc
D:7:      grunt_temple_overflow_holy_war, old_standard_altar, uniq_duvessa
Temple:   nicolae_temple_god_jail
